 Dungeon Crawl Stone Soup version 0.28.0-1-gb440e238dd (webtiles) character file.

Game seed: 7246576725608299237

24 a3don the Twirler (level 2, 0/23 HPs)
             Began as a Demonspawn Gladiator on Feb 20, 2022.
             Killed from afar by Jessica (6 damage)
             ... with a puff of flame
             ... on level 2 of the Dungeon.
             The game lasted 00:00:50 (932 turns).

a3don the Twirler (Demonspawn Gladiator)             Turns: 932, Time: 00:00:51

Health: 0/23       AC:  6    Str: 14    XL:     2   Next: 79%
Magic:  2/2        EV: 12    Int:  9    God:
Gold:   66         SH:  0    Dex: 14    Spells: 1/1 levels left

rFire   . . .      SeeInvis .   a - +0 quarterstaff
rCold   . . .      Faith    .   (shield currently unavailable)
rNeg    . . .      Spirit   .   b - +0 leather armour
rPois   .          Reflect  .   c - +0 helmet
rElec   .          Harm     .   (no cloak)
rCorr   .          Rampage  .   (no gloves)
Will    .....                   (no boots)
Stlth   +.........              (no amulet)
HPRegen 0.07/turn               (no ring)
MPRegen 0.08/turn               (no ring)

@: no status effects
A: molten scales 1
a: no special abilities


You were on level 2 of the Dungeon.
You visited 1 branch of the dungeon, and saw 2 of its levels.

You collected 66 gold pieces.

Inventory:

Hand Weapons
 a - a +0 quarterstaff (weapon)
Missiles
 d - 2 throwing nets (quivered)
 e - 25 stones
Armour
 b - a +0 leather armour (worn)
 c - a +0 helmet (worn)
Jewellery
 f - a +6 ring of intelligence
Scrolls
 g - a scroll of identify {unknown}
 h - a scroll of fear {unknown}


   Skills:
 + Level 2.3 Fighting
 + Level 3.0 Staves
 + Level 2.2 Throwing
 + Level 2.9 Dodging


You had one spell level left.
You didn't know any spells.
Your spell library was empty.

Dungeon Overview and Level Annotations

Branches:
Dungeon (2/15)

Altars:

Annotations:
D:2 Jessica


Innate Abilities, Weirdness & Mutations

You are partially covered in molten scales. (AC +2)


Message History

Found a glowing agate ring, 19 stones and a scroll labelled TEYDDI CAM PAG.
Found a stone staircase leading down.
There is a stone staircase leading up here.
There are monsters nearby!
You throw a throwing net. The throwing net hits the gnoll.
The gnoll is caught in the net!
The gnoll shouts!
The gnoll struggles against the net. x2
The gnoll misses you.
You hit the gnoll.
The gnoll is heavily wounded.
The gnoll struggles against the net.
The gnoll hits you but does no damage. The gnoll barely misses you.
The gnoll misses you.
You closely miss the gnoll.
The gnoll is heavily wounded.
The gnoll hits you from afar with a +0 spear.
The gnoll struggles against the net.
The gnoll barely misses you. x2
The gnoll struggles against the net.
The net rips apart, and the gnoll comes free!
The gnoll hits you with a +0 spear.
The gnoll hits you from afar with a +0 spear.
The gnoll hits you with a +0 spear. x3
The endoplasm barely misses you. The gnoll hits you but does no damage.
The gnoll hits you from afar with a +0 spear.
The gnoll misses you.
The endoplasm hits you but does no damage.
The gnoll barely misses you.
The gnoll hits you from afar with a +0 spear.
The endoplasm freezes you.
You are frozen.
* * * LOW HITPOINT WARNING * * *
The gnoll hits you but does no damage.
A bat comes into view.
Jessica the Apprentice Sorceress comes into view.
She is wielding a +0 club and carrying a wand of flame (23).
Jessica shouts!
A hobgoblin comes into view.
Jessica casts a spell at you. You resist with some effort.
Jessica zaps a wand.
The puff of flame hits you.
You die...

##......##
##........## .
.####..........#
#.
.......(.......#
#. #...........
#..##
#.........>#
#.@.#
#..<=.......
#..####g.........
#.@Jgg.........#
####bg.........#
##..........#
#...........
#.b...?.....
#....g....#
..#.......
###......


You could see 4 gnolls, Jessica, an endoplasm, a hobgoblin (wandering) and a
bat.

Vanquished Creatures
  A dart slug (D:1)
  3 ball pythons (D:1)
  A bat (D:1)
  An endoplasm (D:1)
  4 giant cockroaches (D:1)
  3 goblins (D:1)
  A quokka (D:1)
  3 kobolds (D:1)
  3 rats (D:1)
20 creatures vanquished.

Notes
Turn   | Place    | Note
-------+----------+-------------------------------------------
     0 | D:1      | a3don the Demonspawn Gladiator began the quest for the Orb.
     0 | D:1      | Reached XP level 1. HP: 16/16 MP: 1/1
   278 | D:1      | Found a faded altar of an unknown god.
   323 | D:1      | Gained mutation: You are partially covered in molten
                  | scales. (AC +2) [demonic ancestry]
   323 | D:1      | Reached XP level 2. HP: 18/22 MP: 2/2
   517 | D:1      | Reached skill level 3 in Staves
   930 | D:2      | Noticed Jessica
   932 | D:2      | Killed from afar by Jessica

Illustrated notes

Levels and vault maps discovered:
D:1:      ncdulo_watergridlock, layout_basic,
          hellmonk_ecumenical_altar_arch_garden, chequers_serial_rivers_micro_c,
          minmay_indecisive_spiral
D:2:      layout_rooms, minmay_statues_item, uniq_terence, uniq_jessica

Skill      XL: |  1  2 |
---------------+-------+-----
Throwing       | 2 |  2.2
Staves         | 3 |  3.0
Fighting       | |  2.3
Dodging        | |  2.9

Action                   || total
-------------------------++-------
Melee: Quarterstaff      ||    55
Throw: Throwing net      ||     1
Armor: Leather armour    ||    24
Dodge: Dodged            ||    44
